 Dungeon Crawl Stone Soup version 0.21-a0-450-gd87a9b2 (webtiles) character file.

55435 Megalobster the Cleaver (level 14, -1/130 HPs)
             Began as a Deep Dwarf Fighter on Nov 18, 2017.
             Was an Elder of Makhleb.
             Slain by an orc warrior
             ... wielding a +0 flail
             ... led by an orc knight
              (7 damage)
             ... on level 1 of the Orcish Mines on Nov 19, 2017.
             The game lasted 01:56:11 (17962 turns).

Megalobster the Cleaver (Deep Dwarf Fighter)       Turns: 17962, Time: 01:56:13

Health: -1/130     AC: 17    Str: 25    XL:     14   Next: 38%
Magic:  3/3        EV: 15    Int:  9    God:    Makhleb [****..]
Gold:   1604       SH:  4    Dex: 16    Spells: 13/13 levels left

rFire    + . .     SeeInvis .   a - +7 battleaxe (chop)
rCold    + + .     Gourm    .   (shield currently unavailable)
rNeg     + . .     Faith    .   e - +2 scale mail {rC+}
rPois    .         Spirit   .   x - +0 helmet
rElec    .         Reflect  +   G - scarf {rC+ rF+}
rCorr    .         Harm     .   L - +2 pair of gloves
MR       +++..                  N - +0 pair of boots
Stlth    ..........             E - +4 amulet of reflection
HPRegen  0.00/turn              Y - ring of protection from magic
MPRegen  0.08/turn              O - +4 ring of dexterity

@: non-regenerating, studying Maces & Flails
A: damage resistance, heal wounds, negative energy resistance 1, sense
surroundings 2, no regeneration
a: Heal Wounds, Minor Destruction, Lesser Servant of Makhleb, Major Destruction,
Renounce Religion


You were on level 1 of the Orcish Mines.
You worshipped Makhleb.
Makhleb was greatly pleased with you.
You were not hungry.

You visited 4 branches of the dungeon, and saw 22 of its levels.

You collected 1604 gold pieces.

Inventory:

Hand Weapons
 a - a +7 battleaxe of chopping (weapon)
 b - a +0 great mace of draining
 d - the +12 glaive of Prune {chop}
   (You found it on level 13 of the Dungeon)

   It inflicts extra damage upon your enemies.
Armour
 e - a +2 scale mail of cold resistance (worn)
 x - a +0 helmet (worn)
 G - a scarf of resistance (worn)
 L - a +2 pair of gloves (worn)
 N - a +0 pair of boots (worn)
Jewellery
 c - an uncursed ring of see invisible
 p - an uncursed ring of flight
 E - a +4 amulet of reflection (around neck)
 O - a +4 ring of dexterity (right hand)
 Y - a ring of protection from magic (left hand)
Wands
 k - a wand of lightning (8/15)
 A - a wand of confusion (20/48)
 C - a wand of paralysis (16/24)
Scrolls
 l - 2 scrolls of enchant armour
 m - 6 scrolls of remove curse
 n - 7 scrolls of teleportation
 y - 2 scrolls of fear
 K - 2 scrolls of recharging {unknown}
 P - 6 scrolls of fog
Potions
 i - 3 potions of haste
 r - a potion of berserk rage {unknown}
 t - 3 potions of flight
 w - a potion of ambrosia
 z - a potion of invisibility {unknown}
 D - 2 potions of might
 H - 6 potions of curing
 I - a potion of agility {unknown}
 R - 3 potions of mutation
 S - a potion of cancellation
 T - a potion of resistance {unknown}
 W - a potion of heal wounds {unknown}
Books
 J - a manual of Maces & Flails
Miscellaneous
 s - a lamp of fire
 M - a phial of floods (inert)
Comestibles
 f - 9 bread rations
 g - 7 meat rations
 h - 7 chunks of flesh
 j - 31 fruits
 q - 13 royal jellies


   Skills:
 + Level 9.7 Fighting
 * Level 14.9 Axes
 + Level 11.3 Armour
 + Level 7.6 Dodging
   Level 8.5 Shields
 + Level 14.7 Invocations
 - Level 6.5 Evocations


You had 13 spell levels left.
You didn't know any spells.

Dungeon Overview and Level Annotations

Branches:
Dungeon (14/15)            Temple (1/1) D:6            Lair (6/6) D:8
  Swamp (0/4) Lair:3        Snake (0/4) Lair:3        Slime (0/5) Lair:5
    Orc (1/2) D:10         Vaults (0/5) D:13

Altars:
Ashenzari
Cheibriados
Dithmenos
Elyvilon
Fedhas
Gozag
Hepliaklqana
Kikubaaqudgha
Makhleb
Nemelex Xobeh
Okawaru
Qazlal
Ru
Sif Muna
Trog
Uskayaw
Vehumet
Wu Jian
Xom
Yredelemnul
Zin
The Shining One
Jiyva

Shops:
D:5 (

Annotations:
Lair:4 exclusion: 3 oklob plants


Innate Abilities, Weirdness & Mutations

You are resistant to damage.
You can heal yourself by infusing magical energy.
You resist negative energy. (rN+)
You passively map the area around you.
You do not regenerate.


Message History

The orc warrior hits you with a flail!!
* * * LOW HITPOINT WARNING * * *
Your hellwing closely misses the orc warrior.
Your hellwing hits the orc warrior.
The orc hits your hellwing but does no damage.
The warg barely misses you. x2
Okay, then.
You fail to use your ability.
The orc warrior closely misses your hellwing.
Your hellwing hits the orc warrior!
The orc warrior dies!
Makhleb accepts your kill.
Your hellwing hits the orc!
The orc dies!
Makhleb accepts your kill. The warg bites you!
* * * LOW HITPOINT WARNING * * *
The orc hits your hellwing but does no damage.
The orc warrior hits you with a flail!
You die...

... *....# **
**.#.##.... * *
##..#...., * * ,
*.$..... , ,
###.....,, ,, *
##......#, , ,,
#.(..(#.## ,, ,
#....<..#, ,. ,, ,
#....@.#..... , ,
###..)ohh#..... ,,
#...444ooo...... ,
#....o)†4o.......
##......o.(...... ,
,, #....Oo.o........
, *
*.................
**
,...#............. ,
,,
......#........>.+∩+
,


You could see an orc knight, an orc high priest, an orange demon, an ice devil,
2 wargs, 2 orc warriors, an ogre, an orc wizard, 4 orcs and 2 friendly
hellwings.

Vanquished Creatures
  The ghost of Tux the Fighter, a journeyman GnWn of Okawaru (Lair:6)
  Fannar (D:11)
  An ice dragon (Lair:6)
  3 hydras
  3 ogre magi
  A centaur warrior (D:14)
  An alligator (Lair:6)
  7 two-headed ogres
  A vampire mage (D:13)
  Sonja (D:12)
  An orc knight (D:10)
  2 cyclopes (D:13)
  An ugly thing (D:13)
  5 deep elf magi
  3 elephants (Lair:6)
  A manticore (D:13)
  A black mamba (Lair:6)
  A naga mage (D:13)
  16 spiny frogs
  2 centaur zombies (D:13)
  4 torpor snails (Lair:6)
  2 kobold demonologists
  5 komodo dragons
  3 trolls
  3 tyrant leeches (Lair:6)
  5 blink frogs
  7 hornets
  6 hippogriffs
  7 slime creatures
  A dream sheep (Lair:4)
  A shadow (D:12)
  A vampire (D:13)
  2 wyverns
  21 yaks
  2 basilisks
  A steam dragon (D:10)
  2 vampire mosquitoes (D:10)
  Edmund (D:5)
  A naga (Lair:3)
  3 soldier ants
  7 water moccasins
  An acid dragon (D:12)
  4 porcupines
  6 orc warriors
  2 phantoms
  2 sky beasts
  A black bear (D:10)
  2 eyes of draining
  A necrophage (D:9)
  2 ice beasts
  4 centaurs
  7 ogres
  6 wolves
  9 crocodiles
  3 big kobolds
  5 bullfrogs
  A wyvern zombie (D:8)
  14 killer bees
  4 scorpions
  6 howler monkeys
  3 crimson imps
  2 quasits
  A bullfrog zombie (D:10)
  4 jellies
  4 bullfrog skeletons
  4 centaur skeletons
  5 orc priests
  5 hounds
  9 orc wizards
  A gnoll shaman (D:5)
  Jessica (D:3)
  3 iguanas
  4 hell rats (Lair:6)
  8 worker ants
  Robin (D:3)
  4 gnolls (D:5)
  10 adders
  6 river rats (Lair:6)
  2 shadow imps
  7 oozes
  An adder zombie (D:9)
  An adder skeleton (D:8)
  4 worms
  2 dart slugs
  11 leopard geckos
  32 orcs
  6 giant cockroaches
  17 hobgoblins
  12 jackals
  19 kobolds
  4 quokkas
  4 ball pythons
  10 bats
  7 frilled lizards
  17 goblins
  A jackal skeleton (D:5)
  A leopard gecko skeleton (D:5)
  A quokka skeleton (D:9)
  12 rats
  2 bushes (Lair:6)
  3 fungi
  11 plants
480 creatures vanquished.

Vanquished Creatures (collateral kills)
  4 hydras
  3 two-headed ogres
  Nergalle (Lair:2)
  2 lindwurms (Lair:6)
  A necromancer (D:13)
  2 elephants (Lair:6)
  2 black mambas (Lair:4)
  A torpor snail (Lair:6)
  2 centaur skeletons (D:12)
  2 spiny frogs
  3 komodo dragons
  A rime drake (Lair:2)
  2 trolls (D:13)
  A tyrant leech (Lair:6)
  2 hornets (Lair:6)
  3 dream sheep (Lair:4)
  3 hippogriffs
  5 blink frogs
  11 yaks
  2 wyverns
  2 basilisks
  A vampire mosquito (D:10)
  2 nagas (Lair:3)
  A porcupine (Lair:4)
  2 water moccasins
  4 orc warriors
  2 ogres
  A wolf (Lair:3)
  2 centaurs (D:12)
  3 crocodiles
  4 bullfrogs
  A wyvern skeleton (D:10)
  A crimson imp (D:7)
  A bullfrog zombie (D:8)
  2 orc priests (D:9)
  An orc wizard (D:9)
  A worker ant (D:12)
  A hound skeleton (D:10)
  2 adders (D:12)
  7 orcs
  2 hobgoblins (D:10)
  A jackal (D:11)
  6 kobolds
  2 plants
105 creatures vanquished.

Vanquished Creatures (others)
  An orc (D:6)
  2 bushes (Lair:6)
  5 fungi
  5 plants
13 creatures vanquished.

Grand Total: 598 creatures vanquished

Notes
Turn   | Place    | Note
-------+----------+-------------------------------------------
     0 | D:1      | Megalobster the Deep Dwarf Fighter began the quest for the Orb.
     0 | D:1      | Reached XP level 1. HP: 20/20 MP: 1/1
   123 | D:1      | Reached XP level 2. HP: 24/27 MP: 2/2
   581 | D:1      | Reached XP level 3. HP: 24/33 MP: 3/3
  1114 | D:2      | Reached XP level 4. HP: 21/42 MP: 4/4
  1312 | D:2      | Found a burning altar of Makhleb.
  1319 | D:2      | Became a worshipper of Makhleb the Destroyer
  1366 | D:2      | Found a sacrificial altar of Ru.
  1380 | D:2      | Reached skill level 1 in Invocations
  1529 | D:2      | Reached XP level 5. HP: 39/49 MP: 4/6
  1770 | D:3      | Noticed Robin
  1779 | D:3      | Reached * piety under Makhleb
  1783 | D:3      | Killed Robin
  1914 | D:3      | Noticed Jessica
  1918 | D:3      | Killed Jessica
  2421 | D:4      | Found an ornate altar of the Wu Jian Council.
  2454 | D:4      | Noticed a phantom
  2515 | D:4      | Killed a phantom
  2515 | D:4      | Reached XP level 6. HP: 32/56 MP: 5/7
  2638 | D:4      | Found a glowing silver altar of Zin.
  2651 | D:4      | Reached ** piety under Makhleb
  2910 | D:4      | Reached skill level 5 in Axes
  2918 | D:4      | Reached XP level 7. HP: 16/63 MP: 7/7
  3246 | D:5      | Entered Level 5 of the Dungeon
  3295 | D:5      | Found Atoetao's Weapon Boutique.
  3365 | D:5      | Noticed Edmund
  3412 | D:5      | Killed Edmund
  3628 | D:5      | Reached skill level 5 in Armour
  3730 | D:5      | Reached skill level 5 in Shields
  3730 | D:5      | Reached skill level 5 in Invocations
  3796 | D:5      | Reached XP level 8. HP: 43/72 MP: 10/10
  3835 | D:5      | You fall through a shaft!
  4232 | D:6      | Reached *** piety under Makhleb
  4520 | D:6      | Found a staircase to the Ecumenical Temple.
  4558 | Temple   | Entered the Ecumenical Temple
  5671 | D:8      | Found a blossoming altar of Fedhas.
  5696 | D:8      | Noticed a two-headed ogre
  5705 | D:8      | Killed a two-headed ogre
  5705 | D:8      | Reached skill level 5 in Fighting
  5705 | D:8      | Gained mutation: You passively map the area around you. [Deep Dwarf growth]
  5705 | D:8      | Reached XP level 9. HP: 38/81 MP: 10/10
  6099 | D:8      | Found a staircase to the Lair.
  6100 | D:8      | Noticed a komodo dragon
  6118 | D:8      | Killed a komodo dragon
  6803 | D:9      | Found a shattered altar of Ashenzari.
  6803 | D:9      | Found a sparkling altar of Nemelex Xobeh.
  6803 | D:9      | Found a glowing golden altar of the Shining One.
  7107 | D:9      | Found a basalt altar of Yredelemnul.
  7241 | D:9      | Noticed a two-headed ogre
  7249 | D:9      | Reached XP level 10. HP: 63/91 MP: 9/9
  7254 | D:9      | Killed a two-headed ogre
  7490 | Lair:1   | Entered Level 1 of the Lair of Beasts
  7510 | Lair:1   | Reached skill level 10 in Invocations
  7691 | Lair:1   | Noticed a spiny frog
  7699 | Lair:1   | Killed a spiny frog
  7764 | Lair:1   | Noticed a spiny frog
  7772 | Lair:1   | Reached skill level 10 in Axes
  7776 | Lair:1   | Killed a spiny frog
  7851 | Lair:1   | Noticed a seven-headed hydra
  8118 | Lair:1   | Killed a seven-headed hydra
  8118 | Lair:1   | Reached XP level 11. HP: 39/99 MP: 10/10
  8449 | Lair:2   | Got a clouded graven amulet
  8475 | Lair:2   | Noticed Nergalle
  8480 | Lair:2   | Noticed a spectral orc warlord
  8487 | Lair:2   | Killed Nergalle
  8694 | Lair:2   | Identified the amulet "Afuthiek" {RegenMP rF- rN+ Int+8 Dex+4} (You found it on level 2 of the Lair of Beasts)
  8818 | Lair:3   | Noticed a four-headed hydra
  8825 | Lair:3   | Killed a seven-headed hydra
  8962 | Lair:3   | Noticed a four-headed hydra
  8971 | Lair:3   | Killed a four-headed hydra
  9062 | Lair:3   | Found a staircase to the Swamp.
  9197 | Lair:3   | Found a staircase to the Snake Pit.
  9308 | Lair:3   | Reached skill level 1 in Evocations
  9572 | Lair:4   | Reached skill level 1 in Dodging
  9859 | Lair:4   | Noticed an oklob plant
 10024 | Lair:4   | Reached XP level 12. HP: 48/109 MP: 6/6
 10223 | Lair:4   | Found a bloodstained altar of Trog.
 10723 | Lair:5   | Noticed a four-headed hydra
 10731 | Lair:5   | Killed a four-headed hydra
 10731 | Lair:5   | Reached skill level 5 in Evocations
 10975 | Lair:5   | Found a runed door.
 10982 | Lair:5   | Found a viscous altar of Jiyva.
 10983 | Lair:5   | Found a staircase to the Slime Pits.
 11326 | Lair:6   | Entered Level 6 of the Lair of Beasts
 11326 | Lair:6   | Noticed an eight-headed hydra
 11331 | Lair:6   | Killed an eight-headed hydra
 11359 | Lair:6   | Noticed Tux's ghost (journeyman GnWn)
 11415 | Lair:6   | Killed Tux's ghost
 12075 | Lair:6   | Found a runed door.
 12080 | Lair:6   | Noticed an ice dragon
 12091 | Lair:6   | Killed an ice dragon
 12414 | Lair:6   | Noticed a four-headed hydra
 12424 | Lair:6   | Killed a four-headed hydra
 12432 | Lair:6   | Reached XP level 13. HP: 94/118 MP: 5/7
 12442 | Lair:6   | Reached skill level 10 in Armour
 12928 | Lair:6   | Reached **** piety under Makhleb
 12928 | Lair:6   | Reached skill level 5 in Dodging
 13407 | D:10     | Entered Level 10 of the Dungeon
 14193 | D:10     | Found a staircase to the Orcish Mines.
 14424 | D:11     | Noticed a stone giant
 14596 | D:11     | Noticed Fannar
 14603 | D:11     | Killed Fannar
 15504 | D:12     | Noticed Sonja
 16436 | D:12     | Killed Sonja
 16643 | D:13     | Gained mutation: You resist negative energy. (rN+) [Deep Dwarf growth]
 16643 | D:13     | Reached XP level 14. HP: 73/129 MP: 5/5
 16758 | D:13     | Found a gate to the Vaults.
 17564 | D:13     | Found the +12 glaive of Prune {chop}
 17949 | Orc:1    | Entered Level 1 of the Orcish Mines
 17962 | Orc:1    | HP: 6/130 [warg (3)]
 17962 | Orc:1    | Slain by an orc warrior

Vault maps used:
D:1:      evilmike_arrival_crescent, minmay_misc_feat_secret_circle,
          minivault_25
D:2:      nicolae_ru_great_annihilating_truth, bloody_makhleb,
          kennysheep_generic_room_13
D:3:      minmay_cupped, uniq_robin, uniq_jessica
D:4:      zin_academy, old_standard_altar, minmay_misc_feat_cross,
          roderic_lattice_a
D:5:      first_bread, serial_shops, shop, uniq_edmund
D:6:      minmay_temple_entry_mist
D:8:      kennysheep_little_box, david_lair_shrubbed
D:9:      lemuel_doored_altar, gammafunk_temple_overflow_forgotten
D:10:     cheibrodos_orc_bank, orc_0_dummy
D:11:     hangedman_pestilent_swarm, grunt_ministairs_3,
          onia_ninara_dug_in_and_dangerous, uniq_fannar
D:12:     uniq_sonja
D:13:     david_vaults_1, minmay_guarded_unrand_prune
D:14:     serial_shops, nicolae_shop_behind_doors
Temple:   nicolae_temple_figure_eight
Lair:2:   uniq_nergalle
Lair:3:   swamp_mist, guppyfry_snake_entry_garden
Lair:4:   basic_altar, grunt_megastairs_2, minmay_lair_oklob_chamber,
          lemuel_fruit_fields, serial_bayou_shore_a
Lair:5:   slime_altar_2
Lair:6:   wormcave, minmay_hedge_maze, kennysheep_abandoned_house,
          grunt_megastairs_3, lemuel_fruit_tree
Orc:1:    orc_temple, serial_shops, nicolae_shop_behind_doors

Skill      XL: |  1  2  3  4  5  6  7  8  9 10 11 12 13 14 |
---------------+-------------------------------------------+-----
Axes           | 3 4 5 6 7 8 10 11 12 14 | 14.9
Fighting       | 3 4 5 6 7 8 9 |  9.7
Invocations    | 1 3 5 7 9 11 12 13 14 | 14.7
Armour         | 4 5 6 8 9 10 11 | 11.3
Shields        | 4 5 6 7 8 |  8.5
Evocations     | 3 6 |  6.5
Dodging        | 2 4 6 7 |  7.6

Action                   |  1- 3 |  4- 6 |  7- 9 | 10-12 | 13-15 || total
-------------------------+-------+-------+-------+-------+-------++-------
Melee: War axe           |   147 |   211 |   416 |   163 |       ||   937
       Flail             |       |       |       |     3 |       ||     3
       Battleaxe         |       |       |       |   240 |   420 ||   660
       Great mace        |       |       |       |       |    10 ||    10
Invok: Lesser Servant of |       |       |     9 |    30 |    26 ||    65
       Minor Destruction |       |       |     9 |   140 |   144 ||   293
 Abil: Heal Wounds       |       |     3 |    13 |    27 |    12 ||    55
Evoke: Wand              |       |       |       |       |     6 ||     6
       Lamp of fire      |       |       |       |       |     1 ||     1
       Phial of floods   |       |       |       |       |     1 ||     1
  Use: Scroll            |       |     2 |     1 |    19 |     8 ||    30
       Potion            |       |     1 |     3 |     3 |     4 ||    11
 Stab: Distracted        |       |       |     1 |    11 |     6 ||    18
  Eat: Chunk             |     1 |     5 |    11 |    13 |    14 ||    44
       Fruit             |       |     1 |     2 |     3 |       ||     6
       Royal jelly       |       |       |     1 |     1 |     2 ||     4
Armor: Scale mail        |    76 |   105 |     1 |       |    11 ||   193
       Ring mail         |       |       |   142 |   166 |   172 ||   480
       Skin              |       |       |       |       |    14 ||    14
Dodge: Dodged            |    54 |    57 |   112 |   200 |   328 ||   751
Block: Shield            |    99 |   130 |   293 |   131 |       ||   653
       Reflection        |       |       |    10 |       |     4 ||    14
       Other             |       |       |       |    16 |    45 ||    61

Table legend:
 A = Spawn XP
 B = Non-spawn XP
 C = Spawn XP percentage of total XP
 D = Spawn monster count
 E = Non-spawn monster count
 F = Spawn count percentage of total count
 G = Total turns spent on level
                    A         B        C        D         E        F      G
               +---------+---------+-------+---------+---------+-------+---------
         Total |       0 |   79193 |   0.0 |       0 |     568 |   0.0 | 17962
               +---------+---------+-------+---------+---------+-------+---------
           D:1 |       0 |      45 |   0.0 |       0 |      28 |   0.0 |   790
           D:2 |       0 |     156 |   0.0 |       0 |      30 |   0.0 |   892
           D:3 |       0 |     145 |   0.0 |       0 |      33 |   0.0 |   721
           D:4 |       0 |     401 |   0.0 |       0 |      17 |   0.0 |   843
           D:5 |       0 |     849 |   0.0 |       0 |      24 |   0.0 |   810
           D:6 |       0 |     540 |   0.0 |       0 |      19 |   0.0 |   709
           D:7 |       0 |     321 |   0.0 |       0 |      14 |   0.0 |   652
           D:8 |       0 |    2181 |   0.0 |       0 |      21 |   0.0 |  1371
           D:9 |       0 |    1952 |   0.0 |       0 |      29 |   0.0 |   983
          D:10 |       0 |    4125 |   0.0 |       0 |      57 |   0.0 |   981
          D:11 |       0 |    8183 |   0.0 |       0 |      55 |   0.0 |   865
          D:12 |       0 |    5892 |   0.0 |       0 |      33 |   0.0 |  1169
          D:13 |       0 |   16954 |   0.0 |       0 |      44 |   0.0 |  1137
          D:14 |       0 |     917 |   0.0 |       0 |       1 |   0.0 |    21
        Lair:1 |       0 |    5161 |   0.0 |       0 |      26 |   0.0 |   924
        Lair:2 |       0 |    2407 |   0.0 |       0 |       8 |   0.0 |   654
        Lair:3 |       0 |    3986 |   0.0 |       0 |      23 |   0.0 |   870
        Lair:4 |       0 |    5533 |   0.0 |       0 |      25 |   0.0 |  1137
        Lair:5 |       0 |    3905 |   0.0 |       0 |      17 |   0.0 |   805
        Lair:6 |       0 |   15275 |   0.0 |       0 |      59 |   0.0 |  1415
         Orc:1 |       0 |     265 |   0.0 |       0 |       5 |   0.0 |    13
               +---------+---------+-------+---------+---------+-------+---------
